 Dungeon Crawl Stone Soup version 0.22-a0-611-g46e8f3c735 (webtiles) character file.

94 Kholdaimon the Grave Robber (level 4, 0/33 HPs)
             Began as a Mummy Necromancer on July 11, 2018.
             Slain by an orc wizard
             ... wielding a +0 dagger
              (2 damage)
             ... on level 3 of the Dungeon.
             The game lasted 00:12:41 (1877 turns).

Kholdaimon the Grave Robber (Mummy Necromancer)     Turns: 1877, Time: 00:12:42

Health: 0/33       AC:  4    Str: 11    XL:     4   Next: 38%
Magic:  4/8        EV: 11    Int: 15    God:
Gold:   145        SH:  3    Dex: 12    Spells: 0/9 levels left

rFire    x . .     SeeInvis .   l - +0 trident
rCold    + . .     Gourm    .   m - +0 buckler
rNeg     + + +     Faith    .   j - +0 leather armour
rPois    ∞         Spirit   .   (no helmet)
rElec    .         Reflect  .   (no cloak)
rCorr    .         Harm     .   d - +0 pair of gloves
MR       .....                  (no boots)
Stlth    +.........             (no amulet)
HPRegen  0.11/turn              (no ring)
MPRegen  0.11/turn              (no ring)

@: no status effects
A: no food or potions, fire vulnerability, cold resistance 1, negative energy
resistance 3, torment resistance, unbreathing
a: no special abilities


You were on level 3 of the Dungeon.
You were not hungry.

You visited 1 branch of the dungeon, and saw 3 of its levels.

You collected 145 gold pieces.

Inventory:

Hand Weapons
 c - a +1 dagger of venom
 l - a +0 trident (weapon)
Missiles
 e - 18 poisoned needles
 f - 19 bolts
 g - 93 stones (quivered)
Armour
 a - a +0 robe
 b - a +0 ring mail
 d - a +0 pair of gloves (worn)
 i - a cursed +0 ring mail
 j - a +0 leather armour (worn)
 m - a +0 buckler (worn)
Scrolls
 h - a scroll of identify {unknown}
 k - a scroll of remove curse {unknown}


   Skills:
 + Level 2.0 Fighting
 + Level 2.4 Dodging
 - Level 1.5 Stealth
 * Level 0.1 Shields
 + Level 3.0 Spellcasting
 * Level 4.6 Necromancy


You couldn't memorise any spells.
You knew the following spells:

 Your Spells              Type           Power        Failure   Level  Hunger
a - Pain                  Necr           ###.         6%          1    N/A
b - Animate Skeleton      Necr           N/A          6%          1    N/A
c - Vampiric Draining     Necr           ###.......   19%         3    N/A
d - Animate Dead          Necr           N/A          54%         4    N/A

Your spell library contained the following spells:

 Spells                   Type           Power        Failure   Level  Hunger
 Regeneration             Chrm/Necr      #.........   45%         3    N/A

Dungeon Overview and Level Annotations

Branches:
Dungeon (3/15)

Altars:


Innate Abilities, Weirdness & Mutations

You do not eat or drink.
Your flesh is vulnerable to fire.
You are immune to poison.
Your flesh is cold resistant. (rC+)
You are immune to negative energy. (rN+++)
You are immune to unholy pain and torment.
You can survive without breathing.


Message History

You closely miss something. Something hits you.
* * * LOW HITPOINT WARNING * * *
You closely miss something.
You hear some strange, mumbled words.
A puff of flame appears from out of thin air!
The puff of flame misses you.
You bump into the rock wall.
Something hits you but does no damage.
You're too confused to cast spells.
You miss something.
You hear some strange, mumbled words.
A puff of flame appears from out of thin air!
The puff of flame hits you! The fire burns you terribly!
* * * LOW HITPOINT WARNING * * *
Something hits you but does no damage.
You bump into the rock wall.
You feel less confused.
You hear some strange, mumbled words.
Something tries to affect you, but you resist.
You miss something. Something hits you.
You die...

####%##......#
#..#......#
##..#..#.##
##.#.(#.#
#.#..#.#
#.#..# #.#..#
#.#..# #
#@#..##.#
#{#...... #)#
...(.
#.#......
#[.......
#.....((......
#........o####
#.....((..#
#.........#


There were no monsters in sight!

Vanquished Creatures
  2 adders (D:2)
  2 oozes
  A dart slug (D:1)
  4 leopard geckos
  6 orcs
  5 giant cockroaches
  5 goblins
  4 hobgoblins (D:1)
  4 jackals (D:2)
  2 kobolds (D:2)
  3 bats
  5 frilled lizards
  3 rats
46 creatures vanquished.

Vanquished Creatures (collateral kills)
  An ooze (D:1)
  A dart slug (D:1)
  A bat (D:1)
3 creatures vanquished.

Grand Total: 49 creatures vanquished

Notes
Turn   | Place    | Note
-------+----------+-------------------------------------------
     0 | D:1      | Kholdaimon the Mummy Necromancer began the quest for the Orb.
     0 | D:1      | Reached XP level 1. HP: 13/13 MP: 4/4
     2 | D:1      | Learned a level 1 spell: Animate Skeleton
   314 | D:1      | Reached XP level 2. HP: 20/20 MP: 5/5
   372 | D:1      | Reached skill level 1 in Fighting
   667 | D:1      | Reached XP level 3. HP: 21/26 MP: 2/7
   791 | D:1      | Learned a level 3 spell: Vampiric Draining
  1059 | D:2      | Found a faded altar of an unknown god.
  1364 | D:2      | Reached XP level 4. HP: 33/33 MP: 5/8
  1370 | D:2      | Learned a level 4 spell: Animate Dead
  1875 | D:3      | HP: 1/33 [something/puff of flame (7)]
  1877 | D:3      | Slain by an orc wizard

Vault maps used:
D:1:      tarquinn_simple_flora_water_b, hangedman_decor_points,
          serial_bayou_ford_a, minmay_heptomino_w4
D:2:      chequers_ecumenical_altar_island, first_ration
D:3:      supply_closet_lemuel

Skill      XL: |  1  2  3  4 |
---------------+-------------+-----
Spellcasting   | 3 |  3.0
Fighting       | 1 2 |  2.0
Dodging        | 2 |  2.4
Stealth        | |  1.5
Shields        | |  0.1
Necromancy     | |  4.6

Action                   |  1- 3 |  4- 6 || total
-------------------------+-------+-------++-------
Melee: Unarmed           |    16 |       ||    16
       Dagger            |    27 |     1 ||    28
       Trident           |       |    17 ||    17
Throw: Stone             |     8 |    10 ||    18
 Cast: Pain              |    52 |    21 ||    73
       Animate Skeleton  |    14 |     4 ||    18
 Stab: Sleeping          |     1 |     1 ||     2
Armor: Robe              |    13 |       ||    13
       Leather armour    |       |     7 ||     7
Dodge: Dodged            |    31 |     3 ||    34

Table legend:
 A = Spawn XP
 B = Non-spawn XP
 C = Spawn XP percentage of total XP
 D = Spawn monster count
 E = Non-spawn monster count
 F = Spawn count percentage of total count
 G = Total turns spent on level
                    A         B        C        D         E        F      G
               +---------+---------+-------+---------+---------+-------+---------
         Total |       0 |     135 |   0.0 |       0 |      49 |   0.0 |  1877
               +---------+---------+-------+---------+---------+-------+---------
           D:1 |       0 |      49 |   0.0 |       0 |      20 |   0.0 |   871
           D:2 |       0 |      65 |   0.0 |       0 |      22 |   0.0 |   886
           D:3 |       0 |      21 |   0.0 |       0 |       7 |   0.0 |   120
               +---------+---------+-------+---------+---------+-------+---------
